 Dungeon Crawl Stone Soup version 0.19-a0-1462-g5650605 (webtiles) character file.

988220 kuniqs the Bringer of Law (level 27, -1/273 HPs)
             Began as a Hill Orc Gladiator on Sept 7, 2016.
             Was the Champion of Zin.
             Slain by a cacodemon (5 damage)
             ... while paralysed by Umaxeosu
             ... on level 24 of a ziggurat on Sept 8, 2016.
             The game lasted 04:08:11 (83568 turns).

kuniqs the Bringer of Law (Hill Orc Gladiator)     Turns: 83568, Time: 04:08:11

Health: -1/273     AC: 59    Str: 29    XL:     27
Magic:  37/49      EV:  2    Int: 13    God:    Zin [******]
Gold:   8373       SH:  0    Dex: 22    Spells: 0 memorised, 26 levels left

rFire  + + +     SeeInvis +     q - +8 mithril axe "Arga" {speed, MR+}
rCold  + + +     Gourm    .     w - +12 gold dragon armour
rNeg   + + +     Faith    .     R - +5 large shield "Ewikhlesu" {*Contam rElec rCorr SInv}
rPois  +         Spirit   .     D - +1 hat of Quantum Leap {+Blink rN+ Int+3 Dex+4}
rElec  +         Dismiss  .     K - +4 dragonskin cloak
rCorr  +         Reflect  .     r - +2 pair of gloves {Dex+3}
MR     ++++.     Harm     .     M - +2 pair of boots of the Assassin {DetectMon Stab+ Stlth++}
Stlth  ..........               J - macabre finger necklace {rN+}
                                l - ring of Propriety {AC+5 SInv}
                                G - ring "Majeghek" {rN+ MR+ Int+2 Dex+4}
                                X - ring "Ohuxa" {rF+++ rC++ MP+9 Str-2 SInv}

@: paralysed, very slightly contaminated, studying Shields
A: no striking features
a: Recite, Vitalisation, Imprison, Sanctuary, Donate Gold, Cure All Mutations,
Renounce Religion, Evoke Blink
}: 6/15 runes: decaying, serpentine, slimy, silver, golden, abyssal


You were on level 24 of a ziggurat.
You worshipped Zin.
Zin was exalted by your worship.
You were full.

You visited 13 branches of the dungeon, and saw 61 of its levels.
You visited the Abyss 2 times.
You visited 1 ziggurat, and saw 24 of its levels.
You also visited: Sewer, Ice Cave and Wizlab.

You collected 13405 gold pieces.
You spent 4649 gold pieces at shops.
You donated 383 gold pieces to Zin.

Inventory:

Hand Weapons
 e - the +5 scythe "Finisher" {speed, Str+3}
   (You found it on level 8 of a ziggurat)

   Attacks with this weapon are significantly faster.
   It affects your strength (+3).
 j - the +7 great mace "Firestarter" {inner flame, rF++}
   (You found it on level 11 of a ziggurat)

   It has been specially enchanted to burn those struck by it, causing extra
   injury to most foes and up to half again as much damage against particularly
   susceptible opponents.
   It greatly protects you from fire.
 q - the +8 mithril axe "Arga" (weapon) {speed, MR+}
   (You found it on level 3 of the Tomb of the Ancients)

   Attacks with this weapon are significantly faster.
   It affects your resistance to hostile enchantments.
 A - a +9 executioner's axe of freezing
Missiles
 d - 14 throwing nets (quivered)
Armour
 m - the -2 hat of the Alchemist {rElec rPois rF+ rC+ rN+ MR+ rMut rCorr}
   (You found it on level 5 of the Pits of Slime)

   It protects you from fire.
   It protects you from cold.
   It insulates you from electricity.
   It protects you from poison.
   It protects you from negative energy.
   It affects your resistance to hostile enchantments.
   It protects you from acid and corrosion.
   It protects you from mutation.
 r - a +2 pair of gloves of dexterity (worn)
 w - a +12 gold dragon armour (worn)
 C - the +15 Maxwell's patent armour {-Cast -Tele rElec MR+ rCorr}
   (You acquired it on level 13 of the Dungeon)

   It insulates you from electricity.
   It affects your resistance to hostile enchantments.
   It prevents spellcasting.
   It prevents most forms of teleportation.
   It protects you from acid and corrosion.
 D - the +1 hat of Quantum Leap (worn) {+Blink rN+ Int+3 Dex+4}
   (You acquired it on level 1 of the Snake Pit)

   It affects your intelligence (+3).
   It affects your dexterity (+4).
   It protects you from negative energy.
   It lets you blink.
 K - the +4 dragonskin cloak (worn)
   (You took it off Tiamat on level 3 of the Realm of Zot)
 M - the +2 pair of boots of the Assassin (worn) {DetectMon Stab+ Stlth++}
   (You acquired it on level 1 of the Snake Pit)

   It makes you much more stealthy.
 R - the +5 large shield "Ewikhlesu" (worn) {*Contam rElec rCorr SInv}
   (You found it on level 13 of a ziggurat)

   It insulates you from electricity.
   It lets you see invisible.
   It causes magical contamination when unequipped.
   It protects you from acid and corrosion.
Jewellery
 l - the ring of Propriety (right hand) {AC+5 SInv}
   (You found it on level 20 of a ziggurat)

   [ring of protection]

   It affects your AC (+5).
   It lets you see invisible.
 G - the ring "Majeghek" (left hand) {rN+ MR+ Int+2 Dex+4}
   (You bought it in a shop on level 2 of the Elven Halls)

   [ring of dexterity]

   It affects your intelligence (+2).
   It affects your dexterity (+4).
   It protects you from negative energy.
   It affects your resistance to hostile enchantments.
 H - the ring "Hozetoih" {rCorr rF+ rN+ Dex+4}
   (You bought it in a shop on level 2 of the Elven Halls)

   [ring of resist corrosion]

   It affects your dexterity (+4).
   It protects you from fire.
   It protects you from negative energy.
 J - the macabre finger necklace (around neck) {rN+}
   (You took it off a deep elf annihilator on level 3 of the Elven Halls)

   [amulet of nothing]

   It protects you from negative energy.
 T - the brooch of Shielding {Reflect SH+8}
   (You found it on level 20 of a ziggurat)

   [amulet of reflection]

   It shields you and reflects attacks.
   It affects your SH (+8).
 X - the ring "Ohuxa" (on amulet) {rF+++ rC++ MP+9 Str-2 SInv}
   (You found it on level 18 of a ziggurat)

   [ring of magical power]

   It affects your strength (-2).
   It renders you almost immune to fire.
   It greatly protects you from cold.
   It affects your magic capacity (+9).
   It lets you see invisible.
Wands
 p - a wand of disintegration (12/24)
 F - a wand of heal wounds (7/9)
 V - a wand of heal wounds (9/9)
 W - a wand of digging (11/24)
 Y - a wand of heal wounds (9/9)
Scrolls
 c - 7 scrolls of recharging
 g - 54 scrolls of remove curse {@r2}
 k - 25 scrolls of fog
 n - 7 scrolls of immolation
 x - 25 scrolls of teleportation
 I - a scroll of holy word
 L - 6 scrolls of identify {@r1}
 N - 12 scrolls of fear
 O - 17 scrolls of blinking
 S - 3 scrolls of enchant armour
Potions
 a - 3 potions of haste
 b - 8 potions of magic
 h - 7 potions of agility
 i - 22 potions of curing {@q1}
 o - 2 potions of resistance
 s - 3 potions of ambrosia
 t - 6 potions of might
 z - 16 potions of heal wounds
 B - 4 potions of cancellation
Books
 u - a manual of Shields
Miscellaneous
 y - a figurine of a ziggurat
Comestibles
 f - 7 bread rations
 v - 44 fruits
 E - 39 meat rations


   Skills:
 O Level 27 Fighting
 O Level 27 Axes
 + Level 6.3 Throwing
 O Level 27 Armour
 O Level 27 Dodging
 + Level 26.9 Shields
 O Level 27 Invocations


You had 26 spell levels left.
You didn't know any spells.

Dungeon Overview and Level Annotations

Branches:
Dungeon (15/15)            Temple (1/1) D:4            Lair (6/6) D:11
  Swamp (4/4) Lair:3        Snake (4/4) Lair:2        Slime (5/5) Lair:5
    Orc (2/2) D:10            Elf (3/3) Orc:2        Vaults (5/5) D:14
  Crypt (3/3) Vaults:3       Tomb (3/3) Crypt:3      Depths (5/5) D:15
    Zot (5/5) Depths:5

Altars:
Ashenzari
Cheibriados
Dithmenos
Elyvilon
Fedhas
Gozag
Hepliaklqana
Kikubaaqudgha
Makhleb
Nemelex Xobeh
Okawaru
Qazlal
Ru
Sif Muna
Trog
Uskayaw
Vehumet
Xom
Yredelemnul
Zin
The Shining One
Beogh
Jiyva

Shops:
D:4 }(?   D:9 !*:   D:13 !   Orc:2 (*=[*   Elf:1 !:*[   Elf:2 =}=   Snake:1 }
Vaults:1 [   Depths:2 }

Portals:
Hell: Depths:1 Depths:2 Depths:3 Depths:4 Depths:5
Abyss: Depths:4
Pandemonium: Depths:3 Depths:4

Annotations:
D:14 exclusion: Roxanne, Roxanne
Depths:2 TIER III


Message History

The cacodemon hits you but does no damage.
The red devil hits you but does no damage.
The reaper hits you but does no damage.
The gelid warmonger hits you but does no damage.
The balrug hits you but does no damage.
The torturous warmonger hits you with an uncursed demon trident of pain!
* * * LOW HITPOINT WARNING * * *
The soul eater is no longer moving quickly.
The gelid warmonger is no longer dazed.
Umaxeosu gestures at you.
Helpless, you fail to dodge the bolt of energy.
The red devil hits you but does no damage.
The gelid warmonger hits you with a demon blade of draining!!
* * * LOW HITPOINT WARNING * * *
You feel your power leaking away. The cacodemon hits you.
* * * LOW HITPOINT WARNING * * *
You feel your power leaking away. The cacodemon hits you.
You die...

.[..........▓▓▓▓▓▓▓▓▓▓▓▓
........................
##.......##.............
.#)........#.............
1.....3).................
......2.2................
.......22&...............
....†3.6@...4...........∩
.......)6................
...)...4.................
.........................
.#.........#.............
##.......##.............
........................
)...........▓▓▓▓▓▓▓▓▓▓▓▓


You could see Umaxeosu, a cacodemon, 2 demonspawn, a reaper, a balrug, a
blizzard demon, a soul eater, a hellwing, a sixfirhy and a red devil.

Vanquished Creatures
  the Royal Jelly (Slime:5)
  13 ancient liches
  Tiamat (Zot:3)
  10 orbs of fire
  Mennas (Vaults:2)
  6 juggernauts
  16 greater mummies
  Sojobo (Crypt:1)
  Margery (Depths:3)
  Vashnia (Snake:3)
  11 Killer Klowns
  Frederick (Depths:5)
  2 curse toes
  Saint Roka (Crypt:1)
  Nikola (Swamp:3)
  17 golden dragons
  A bone dragon (Abyss:1)
  A profane servitor (Abyss:1)
  2 electric golems (Zot:5)
  8 Brimstone Fiends
  21 tentacled monstrosities
  Rupert (Lair:4)
  3 Hell Sentinels
  14 titans
  25 Orb Guardians (Zot:5)
  An Ice Fiend (Zig:24)
  3 deep elf blademasters
  2 deep elf master archers (Elf:3)
  16 liches
  4 tentacled starspawn
  27 acid blobs
  5 Executioners
  3 ancient champions
  Gastronok (D:8)
  5 death cobs
  12 sphinxes
  10 thorn hunters
  10 shadow dragons
  Donald (Snake:1)
  Frances (Swamp:1)
  Kirke (Lair:4)
  8 revenants
  2 shadow dragons (shapeshifter) (Zig:16)
  10 tengu reavers
  18 draconian monks
  21 storm dragons
  11 fire giants
  9 azure jellies
  A daeva (Abyss:3)
  4 pandemonium lords
  18 greater nagas
  3 emperor scorpions (Zig:22)
  12 frost giants
  12 deep elf sorcerers
  7 balrugs
  2 orc warlords
  4 cacodemons
  A ghost moth (shapeshifter) (Zig:6)
  An iron dragon (Vaults:5)
  Louise (Swamp:3)
  18 draconian knights
  19 draconian scorchers
  Aizul (Swamp:2)
  13 ghost moths
  2 angels (Depths:5)
  19 draconian zealots
  18 draconian shifters
  16 vault wardens
  A black sun (Zig:24)
  9 deep elf elementalists
  A spriggan defender (Depths:4)
  3 curse skulls
  21 draconian annihilators
  6 ghouls
  11 ironheart preservers
  A juggernaut skeleton (Zig:15)
  2 blood saints (Zig:24)
  2 caustic shrike zombies
  4 war gargoyles
  4 reapers
  22 very ugly things
  A stone giant (shapeshifter) (Depths:4)
  13 draconian callers
  2 caustic shrike skeletons
  9 entropy weavers
  4 corrupters (Zig:24)
  20 green draconians
  28 stone giants
  8 bennus
  6 chaos champions
  10 vampire knights
  12 black draconians
  11 white draconians
  9 deep elf demonologists
  17 red draconians
  15 yellow draconians
  5 lorocyprocas
  8 spark wasps
  6 deep elf annihilators (Elf:3)
  The ghost of Zigma the Brawler, a journeyman DrMo of Hepliaklqana (Lair:4)
  3 eidola
  22 purple draconians
  28 mummy priests
  5 blizzard demons
  16 mottled draconians
  16 fire dragons
  8 deep elf death magi
  28 ettins
  4 green deaths
  A minotaur (Depths:3)
  A quicksilver dragon zombie (Zig:8)
  Snorg (D:11)
  The ghost of e25 the Cleaver, a journeyman DsGl of Makhleb (Lair:5)
  18 yaktaur captains
  10 great orbs of eyes
  20 ice dragons
  Josephine (Lair:4)
  7 death oozes
  15 jiangshi
  11 deep elf high priests
  7 rakshasas
  The ghost of MackTheKnife the Cleaver, a journeyman DsBe of Trog (Orc:1)
  The ghost of WhatIsLove the Zephyrmancer, a journeyman HEAE of Sif Muna (Lair:1)
  37 vault guards
  14 naga warriors
  3 hell beasts (Zig:24)
  24 hydras
  10 death knights
  14 centaur warriors
  2 catoblepae
  24 anacondas
  3 spriggan air magi
  4 ghost crabs
  15 death yaks
  23 ogre magi
  A satyr (shapeshifter) (Zig:16)
  29 dancing weapons
  12 alligators
  A merfolk aquamancer (Zig:2)
  7 tengu warriors
  61 death scarabs
  6 thrashing horrors
  Urug (Orc:2)
  9 orc high priests
  8 deep troll earth magi
  3 spriggan berserkers
  11 deep troll shamans
  14 vampire magi
  Sonja (Lair:2)
  A hell hog (Zig:24)
  20 naga sharpshooters
  9 shock serpents
  An iron golem (Zig:17)
  24 hell knights
  31 deep elf knights
  A titan zombie (Zig:12)
  A sun demon (WizLab)
  3 fire crabs (Zig:9)
  3 soul eaters
  81 slime creatures
  7 salamander mystics
  A quicksilver dragon simulacrum (Crypt:2)
  8 shadow wraiths
  A spark wasp zombie (Zig:15)
  3 spatial maelstroms
  A titan skeleton (Crypt:3)
  A death drake (shapeshifter) (Depths:5)
  8 iron trolls
  16 skeletal warriors
  6 wretched stars
  A storm dragon skeleton (Zig:17)
  2 unseen horrors
  A golden dragon zombie (Zig:15)
  5 death drakes
  A giant orange brain (shapeshifter) (Depths:2)
  3 shadow demons
  24 starcursed masses
  An unseen horror (shapeshifter) (Depths:2)
  4 spriggan druids
  15 swamp dragons
  A ghost moth zombie (Crypt:3)
  5 giant orange brains
  14 flayed ghosts
  25 deep trolls
  6 naga ritualists
  17 hill giants
  2 harpies (shapeshifter)
  A swamp dragon (shapeshifter) (Elf:2)
  A lindwurm (shapeshifter) (Depths:4)
  5 golden dragon skeletons
  Pikel (D:8)
  2 wolf spider zombies
  5 shambling mangroves
  The ghost of xsansara the Basher, a novice GrFi of Okawaru (D:8)
  29 deep elf archers
  23 ironbrand convokers
  An anaconda skeleton (Crypt:1)
  4 shadow dragon zombies
  7 wizards
  20 phantasmal warriors
  3 tengu zombies
  11 necromancers
  17 orc knights
  44 ugly things
  2 mana vipers (shapeshifter)
  5 mana vipers
  2 orb spiders (shapeshifter)
  13 orb spiders (Zig:22)
  2 frost giant zombies
  16 orc sorcerers
  3 iron dragon zombies
  4 hornets
  A hornet (shapeshifter) (Vaults:2)
  A shining eye (shapeshifter) (Zig:7)
  88 deep elf magi
  A fire giant zombie (Zig:12)
  4 shining eyes
  A tengu skeleton (Zig:17)
  3 griffons (Vaults:1)
  11 wolf spiders
  4 cyclopes
  A stone giant zombie (Tomb:2)
  29 moths of wrath
  2 iron dragon skeletons
  A manticore (D:15)
  A shadow dragon skeleton (Depths:2)
  A manticore (shapeshifter) (Depths:4)
  2 oklob plants
  4 worldbinders
  A stone giant skeleton (Crypt:1)
  2 fire giant skeletons
  20 salamanders
  10 elephants
  3 guardian serpents (shapeshifter)
  3 frost giant skeletons
  43 black mambas
  22 vault sentinels
  18 guardian serpents
  3 eyes of devastation
  2 sirens (Zig:2)
  A shock serpent zombie (Crypt:1)
  4 ice statues
  A titan simulacrum (Depths:2)
  8 gargoyles
  5 rust devils
  3 apocalypse crabs
  2 torpor snails
  21 spiny frogs
  23 naga magi
  3 orange demons (Abyss:1)
  12 smoke demons
  An eye of devastation (shapeshifter) (Zig:19)
  3 kobold demonologists
  2 hellions
  6 rime drakes
  A yaktaur (shapeshifter) (D:15)
  A dire elephant skeleton (Crypt:1)
  19 large abominations
  49 yaktaurs
  12 freezing wraiths
  48 guardian mummies
  4 komodo dragons
  3 demonic crawlers
  8 tormentors
  4 hellwings
  3 ice devils
  11 red devils
  3 hydra zombies
  5 efreet
  2 meliai (shapeshifter)
  A queen bee (shapeshifter) (D:15)
  6 giant leeches
  9 tengu conjurers
  9 jumping spiders (Zig:22)
  3 polar bears (Lair:6)
  6 ancient zymes
  12 trolls
  A merfolk (shapeshifter) (Vaults:5)
  21 two-headed ogres
  A troll (shapeshifter) (Depths:5)
  A death drake zombie (Crypt:2)
  11 raiju
  2 jumping spiders (shapeshifter)
  A wolf spider simulacrum (Abyss:2)
  13 boulder beetles
  15 bog bodies
  4 blink frogs (Abyss:3)
  An iron dragon simulacrum (Tomb:3)
  3 ettin zombies
  2 dream sheep (shapeshifter)
  4 spriggan zombies
  10 water elementals
  7 dream sheep
  An ettin skeleton (Crypt:2)
  A spriggan skeleton (Zig:8)
  A spriggan (shapeshifter) (Vaults:5)
  A tarantella (shapeshifter) (Elf:1)
  An ice dragon skeleton (Tomb:2)
  31 flying skulls
  8 vampires
  6 ynoxinuls
  11 redbacks
  24 spriggans
  9 shadows
  20 wraiths
  56 yaks
  6 air elementals
  An alligator skeleton (Crypt:1)
  4 tarantellas (Zig:22)
  21 ushabtiu
  A basilisk (shapeshifter) (D:15)
  4 fire bats (Abyss:3)
  A yak (shapeshifter) (Vaults:1)
  2 basilisks
  4 fire elementals (Zig:9)
  5 hogs (Lair:3)
  Grum (D:8)
  An elf skeleton (Zig:8)
  3 golden eyes (Slime:5)
  11 hippogriffs
  11 chaos spawn
  6 neqoxecs
  A swamp worm (shapeshifter) (Depths:4)
  22 vampire mosquitoes
  A wind drake skeleton (Crypt:2)
  3 hungry ghosts
  9 insubstantial wisps
  7 wargs
  A soldier ant (shapeshifter) (Depths:2)
  3 mottled dragons
  62 nagas
  7 spatial vortices
  18 water moccasins
  4 hell hounds
  2 soldier ants (D:15)
  20 swamp worms
  11 porcupines
  A giant eyeball (Slime:4)
  A merfolk skeleton (Crypt:2)
  48 orc warriors
  8 sky beasts
  55 ogres
  12 ice beasts
  6 phantoms
  29 wasps
  4 black bears
  10 small abominations
  17 swamp drakes
  An ogre (shapeshifter) (Abyss:3)
  An ettin simulacrum (Depths:2)
  A swamp dragon zombie (Crypt:1)
  37 wolves
  A manticore zombie (Abyss:3)
  3 necrophages
  14 boggarts
  6 eyes of draining
  A manticore skeleton (Crypt:1)
  11 crocodiles
  A hog skeleton (Crypt:2)
  7 centaurs
  6 big kobolds
  A lindwurm skeleton (Crypt:1)
  4 elf zombies
  An earth elemental (Zig:14)
  13 giant frogs
  A wyvern zombie (Crypt:1)
  A scorpion (shapeshifter) (Vaults:1)
  3 wyvern skeletons
  A water moccasin skeleton (D:9)
  A scorpion (D:3)
  A shapeshifter zombie (Crypt:1)
  10 killer bees
  A yak skeleton (Crypt:1)
  11 wights
  A swamp dragon simulacrum (Crypt:1)
  3 electric eels
  7 howler monkeys
  8 crimson imps
  4 centaur zombies
  A quasit (Abyss:1)
  A lava snake (Lair:4)
  A giant frog zombie (D:12)
  5 human zombies
  A demonspawn zombie (Crypt:2)
  7 hounds
  12 jellies
  24 orc priests
  2 giant frog skeletons
  A gnoll shaman (D:8)
  An iguana (shapeshifter) (Vaults:5)
  3 iron imps
  A human skeleton (Crypt:2)
  3 centaur skeletons
  8 iguanas
  Terence (D:3)
  33 orc wizards
  A lightning spire (Zig:18)
  8 worker ants
  A killer bee zombie (D:7)
  A centaur simulacrum (Crypt:2)
  A mottled dragon skeleton (Crypt:1)
  A naga skeleton (Crypt:3)
  A hound zombie (Crypt:1)
  A hound skeleton (D:10)
  64 mummies
  Robin (D:3)
  25 gnolls
  10 adders
  42 river rats
  4 shadow imps
  6 white imps
  An ufetubus (Abyss:3)
  2 adder zombies
  2 adder skeletons
  4 worms
  4 dart slugs
  6 giant geckos
  112 orcs
  5 ball pythons
  7 bats
  8 giant cockroaches
  15 goblins
  10 hobgoblins
  7 jackals
  9 quokkas
  10 giant newts
  A giant newt zombie (Crypt:2)
  A gnoll skeleton (Crypt:1)
  A goblin skeleton (D:9)
  5 hobgoblin zombies (D:9)
  A jackal skeleton (Crypt:1)
  18 kobolds
  3 kobold skeletons (D:9)
  A kobold zombie (Crypt:3)
  2 orc skeletons
  2 orc zombies
  A quokka skeleton (D:5)
  A quokka zombie (D:5)
  18 rats
  9 briar patches (Zig:20)
  5 crawling corpses
  A fire vortex (Zig:16)
  8 fungi
  53 pillars of salt
  7 plants
  5 starspawn tentacles
4009 creatures vanquished.

Vanquished Creatures (others)
  A pandemonium lord (Zig:16)
  A golden dragon (Depths:4)
  A draconian monk (Zig:21)
  An ancient champion (Tomb:2)
  A draconian zealot (Zig:20)
  A draconian shifter (Zig:20)
  A deep elf elementalist (Vaults:5)
  A vampire knight (Depths:3)
  2 hydras
  3 death scarabs
  2 naga sharpshooters
  2 skeletal warriors (Tomb:2)
  A shambling mangrove (Swamp:3)
  An ugly thing (Zig:16)
  2 deep elf magi
  A moth of wrath (Zot:5)
  A centaur skeleton (D:11)
  A dire elephant skeleton (Tomb:2)
  A rime drake (Swamp:4)
  A spiny frog (Zig:11)
  A jumping spider (Zig:22)
  A centaur simulacrum (D:11)
  An ushabti (Tomb:2)
  2 chaos spawn
  An insubstantial wisp (Zig:11)
  A swamp worm (Swamp:4)
  3 slaves (D:8)
  A small abomination (Abyss:3)
  A centaur zombie (D:11)
  A giant frog zombie (D:11)
  An orc wizard (Orc:2)
  A mummy (Tomb:2)
  A howler monkey skeleton (D:11)
  2 orcs
  A giant cockroach (D:8)
  A fire vortex (Zig:16)
  17 fungi
  102 pillars of salt
  12 plants
  5 starspawn tentacles
182 creatures vanquished.

Grand Total: 4191 creatures vanquished

Notes
Turn   | Place    | Note
-------+----------+-------------------------------------------
     0 | D:1      | kuniqs the Hill Orc Gladiator began the quest for the Orb.
     0 | D:1      | Reached XP level 1. HP: 18/18 MP: 1/1
    41 | D:1      | Reached XP level 2. HP: 25/25 MP: 2/2
   313 | D:1      | Reached skill level 1 in Armour
   347 | D:1      | Reached XP level 3. HP: 28/31 MP: 3/3
  1502 | D:2      | Reached XP level 4. HP: 31/40 MP: 4/4
  1794 | D:3      | Reached skill level 5 in Axes
  2002 | D:3      | Found a glowing drain.
  2013 | Sewer    | Entered a sewer
  2382 | Sewer    | Reached XP level 5. HP: 28/46 MP: 5/5
  3181 | D:3      | Reached XP level 6. HP: 53/53 MP: 6/6
  3201 | D:3      | Noticed Terence
  3210 | D:3      | Killed Terence
  3356 | D:3      | Reached skill level 5 in Fighting
  3695 | D:3      | Reached XP level 7. HP: 61/61 MP: 7/7
  3927 | D:3      | Noticed Robin
  3935 | D:3      | Killed Robin
  4272 | D:4      | Found Jaqy's Magic Scroll Shoppe.
  4281 | D:4      | Bought a scroll of random uselessness for 14 gold pieces
  4281 | D:4      | Bought a scroll of enchant armour for 105 gold pieces
  4281 | D:4      | Bought a scroll of fog for 28 gold pieces
  4281 | D:4      | Bought a scroll of identify for 28 gold pieces
  4281 | D:4      | Bought a scroll of identify for 28 gold pieces
  4281 | D:4      | Bought a scroll of identify for 28 gold pieces
  4420 | D:4      | Found Utiaquej's Gadget Shoppe.
  4432 | D:4      | Found Atimniqo's Weapon Boutique.
  4495 | D:4      | Found a staircase to the Ecumenical Temple.
  4501 | Temple   | Entered the Ecumenical Temple
  4527 | Temple   | Became a worshipper of Zin the Law-Giver
  4584 | D:5      | Entered Level 5 of the Dungeon
  4605 | D:5      | HP: 2/63 [ogre/giant club (26)]
  4607 | D:5      | Reached skill level 5 in Armour
  4607 | D:5      | Reached skill level 1 in Invocations
  4956 | D:5      | Reached XP level 8. HP: 66/71 MP: 9/9
  5284 | D:5      | Reached * piety under Zin
  5503 | D:6      | Reached skill level 5 in Invocations
  5712 | D:6      | Reached XP level 9. HP: 73/79 MP: 13/13
  7014 | D:7      | Reached ** piety under Zin
  7921 | D:8      | Noticed Grum
  7948 | D:8      | Noticed a two-headed ogre
  7955 | D:8      | Noticed Pikel
  7980 | D:7      | Reached XP level 10. HP: 26/88 MP: 15/17
  8386 | D:8      | Reached skill level 10 in Invocations
  8605 | D:8      | Killed Pikel
  8783 | D:8      | Noticed xsansara's ghost (novice GrFi)
  8827 | D:8      | Killed xsansara's ghost
  8827 | D:8      | Reached skill level 5 in Dodging
  9077 | D:8      | Killed Grum
  9340 | D:8      | Found an opulent altar of Gozag.
  9344 | D:8      | Noticed Gastronok
  9372 | D:8      | Killed Gastronok
  9372 | D:8      | Reached XP level 11. HP: 27/94 MP: 19/19
  9698 | D:8      | Noticed a two-headed hydra
 10446 | D:8      | Got a pitted halberd {holy}
 10447 | D:8      | Identified the +7 halberd of Youthful Indiscretion {holy, *Noise rC+ Int+3 Stlth+} (You took it off a big kobold on level 8 of the Dungeon)
 10617 | D:6      | Killed a one-headed hydra
 10780 | D:9      | Found Cauxadag's Assorted Antiques.
 10788 | D:9      | Bought a scroll of recharging for 228 gold pieces
 10800 | D:9      | Found Istuupoxono's Book Shop.
 10832 | D:9      | Found a glowing golden altar of the Shining One.
 10892 | D:9      | Found Ifoat's Distillery.
 11163 | D:10     | Entered Level 10 of the Dungeon
 11232 | D:10     | Noticed a hill giant
 11236 | D:10     | Noticed an unseen horror
 11261 | D:10     | Killed a hill giant
 11265 | D:10     | Killed an unseen horror
 11967 | D:10     | Got a pitted halberd
 11968 | D:10     | Identified the +12 halberd "Ylemion" {chop, rPois} (You found it on level 10 of the Dungeon)
 12255 | D:10     | Found a staircase to the Orcish Mines.
 12652 | D:11     | Noticed a hill giant
 12653 | D:11     | Noticed a centaur warrior
 12656 | D:11     | Noticed a cyclops
 12658 | D:11     | Noticed a centaur warrior
 12672 | D:11     | Noticed a deep elf mage
 12711 | D:11     | Reached XP level 12. HP: 83/105 MP: 21/21
 12818 | D:11     | Found a staircase to the Lair.
 12827 | Lair:1   | Entered Level 1 of the Lair of Beasts
 12827 | Lair:1   | Noticed WhatIsLove's ghost (journeyman HEAE)
 12828 | Lair:1   | TIER I
 12836 | Lair:1   | Killed WhatIsLove's ghost
 12836 | Lair:1   | Reached skill level 10 in Axes
 13027 | D:11     | Noticed a death knight
 13223 | Orc:1    | Entered Level 1 of the Orcish Mines
 13223 | Orc:1    | Noticed MackTheKnife's ghost (journeyman DsBe)
 13495 | Orc:1    | Killed MackTheKnife's ghost
 13516 | Orc:1    | Reached *** piety under Zin
 13541 | Orc:1    | Reached skill level 10 in Fighting
 13653 | Orc:2    | Entered Level 2 of the Orcish Mines
 13660 | Orc:2    | Found Miytec's General Store.
 13725 | Orc:2    | Bought a scroll of identify for 30 gold pieces
 13991 | Orc:1    | Reached **** piety under Zin
 14151 | Orc:2    | Reached skill level 10 in Armour
 14155 | Orc:2    | Noticed an orc high priest
 14277 | Orc:2    | Killed an orc high priest
 14573 | Orc:2    | Noticed Urug
 14599 | Orc:2    | Killed Urug
 14643 | Orc:2    | Reached XP level 13. HP: 99/115 MP: 23/23
 14645 | Orc:2    | Found a roughly hewn altar of Beogh.
 14656 | Orc:2    | Found Obliveso's Jewellery Emporium.
 14686 | Orc:2    | Noticed an orc warlord
 14703 | Orc:2    | Killed an orc warlord
 14736 | Orc:2    | Found Ukluusch's Antique Weapon Emporium.
 14753 | Orc:2    | Found Duogg's General Store.
 14768 | Orc:2    | Found Itwoidi's Antique Armour Emporium.
 14790 | Orc:2    | Bought a smoking scale mail for 324 gold pieces
 14801 | Orc:2    | Identified the cursed +0 scale mail of Orisung {rC+} (You bought it in a shop on level 2 of the Orcish Mines)
 14890 | Orc:2    | Found a staircase to the Elven Halls.
 15237 | Orc:2    | Reached ***** piety under Zin
 15455 | Orc:2    | Bought a glowing battleaxe for 175 gold pieces
 16446 | Lair:2   | Noticed Sonja
 16457 | Lair:2   | Killed Sonja
 16747 | Lair:2   | Found a staircase to the Snake Pit.
 17376 | Lair:3   | Found a frozen archway.
 17386 | IceCv    | Entered an ice cave
 17772 | Lair:3   | Found a white marble altar of Elyvilon.
 17821 | Lair:3   | Found a staircase to the Swamp.
 18380 | Lair:3   | Reached ****** piety under Zin
 18504 | Lair:4   | Noticed Kirke
 18692 | Lair:3   | Reached skill level 10 in Dodging
 18754 | Lair:4   | Killed Kirke
 18754 | Lair:4   | Reached XP level 14. HP: 103/126 MP: 24/24
 18767 | Lair:4   | Noticed Zigma's ghost (journeyman DrMo)
 18818 | Lair:4   | Killed Zigma's ghost
 19266 | Lair:4   | Noticed Josephine
 19275 | Lair:4   | Killed Josephine
 19483 | Lair:4   | Noticed Rupert
 19807 | Lair:5   | Noticed e25's ghost (journeyman DsGl)
 19814 | Lair:5   | Killed e25's ghost
 19920 | Lair:5   | Reached skill level 15 in Invocations
 20504 | Lair:5   | Found a staircase to the Slime Pits.
 20998 | Lair:6   | Entered Level 6 of the Lair of Beasts
 21156 | Lair:6   | Identified a scroll of acquirement
 22070 | Lair:6   | Reached XP level 15. HP: 94/136 MP: 26/26
 23100 | Lair:6   | Identified the Collected Works on the Glacier
 23481 | Lair:4   | Paralysed by Rupert for 5 turns
 23569 | D:11     | HP: 1/137 [killer bee (7)]
 24122 | Orc:2    | Bought the +2 plate armour "Isuicin" {rPois rF+ Regen+ rCorr} for 624 gold pieces
 24257 | D:11     | Noticed Snorg
 24278 | D:11     | Killed Snorg
 24861 | D:11     | Identified the Reference Book on the Unholy Blaze
 25616 | D:13     | Found Wachioc's Distillery.
 25675 | D:13     | Got a pair of crude boots
 25686 | D:13     | Identified the +2 pair of boots "Yfrol" {rN+} (You acquired it on level 13 of the Dungeon)
 26508 | D:14     | Found a hide-covered altar of Uskayaw.
 26587 | D:14     | Noticed Roxanne
 26669 | D:14     | Reached skill level 15 in Axes
 26838 | D:14     | Found an opulent altar of Gozag.
 27165 | D:14     | Found a gate to the Vaults.
 27169 | D:14     | Reached XP level 16. HP: 101/147 MP: 28/28
 27277 | D:15     | Entered Level 15 of the Dungeon
 27498 | Swamp:1  | Entered Level 1 of the Swamp
 28345 | Swamp:1  | Noticed Frances
 28358 | Swamp:1  | Killed Frances
 29115 | Swamp:2  | Noticed Aizul
 29147 | Swamp:2  | Killed Aizul
 29415 | Swamp:2  | You fall through a shaft!
 29442 | Swamp:3  | Noticed Louise
 29450 | Swamp:3  | Noticed a thorn hunter
 29455 | Swamp:3  | Killed Louise
 29464 | Swamp:3  | Killed a thorn hunter
 29473 | Swamp:3  | Noticed Nikola
 29475 | Swamp:3  | Reached skill level 15 in Fighting
 29494 | Swamp:3  | Killed Nikola
 29783 | Swamp:3  | Noticed a tentacled monstrosity
 29798 | Swamp:3  | Killed a tentacled monstrosity
 30628 | Swamp:4  | Entered Level 4 of the Swamp
 30631 | Swamp:4  | Noticed a thorn hunter
 30640 | Swamp:4  | Killed a thorn hunter
 30640 | Swamp:4  | Reached XP level 17. HP: 127/156 MP: 29/29
 31888 | Snake:1  | Entered Level 1 of the Snake Pit
 32101 | Snake:1  | Got a pitted hat
 32113 | Snake:1  | Identified the +1 hat of Quantum Leap {+Blink rN+ Int+3 Dex+4} (You acquired it on level 1 of the Snake Pit)
 32937 | Snake:1  | Found Tivuepp's Gadget Shoppe.
 33161 | Snake:1  | Noticed Donald
 33176 | Snake:1  | Killed Donald
 33944 | Snake:2  | Reached XP level 18. HP: 160/166 MP: 32/32
 34447 | Snake:3  | Reached skill level 15 in Armour
 34649 | Snake:3  | Noticed Vashnia
 34686 | Snake:3  | Killed Vashnia
 35754 | Snake:3  | Got a polished scale mail
 35760 | Snake:3  | Identified the +1 scale mail "Jajonioc" {rElec rC+++ Dex-3 Slay-5} (You found it on level 3 of the Snake Pit)
 36537 | Snake:4  | Entered Level 4 of the Snake Pit
 37465 | Snake:4  | Found a shimmering altar of Xom.
 37699 | Snake:4  | Reached XP level 19. HP: 74/174 MP: 33/33
 38961 | Snake:4  | Got a serpentine rune of Zot
 38962 | Snake:4  | TIER II
 39357 | Swamp:4  | Got a decaying rune of Zot
 39720 | Lair:4   | Killed Rupert
 40494 | D:15     | Found a staircase to the Depths.
 41032 | Vaults:1 | Entered Level 1 of the Vaults
 41413 | Vaults:1 | Reached XP level 20. HP: 155/184 MP: 34/34
 41779 | Vaults:1 | Noticed a Brimstone Fiend
 42693 | Vaults:1 | Found Bosaodd's Antique Armour Shop.
 43539 | Vaults:2 | Noticed Mennas
 43620 | Vaults:2 | Killed Mennas
 43642 | Vaults:2 | THERE CAN BE ONLY ONE
 44724 | Vaults:2 | Reached XP level 21. HP: 194/194 MP: 36/36
 46048 | Vaults:3 | Found a staircase to the Crypt.
 48204 | Crypt:1  | Entered Level 1 of the Crypt
 48341 | Crypt:1  | Noticed Saint Roka
 48351 | Crypt:1  | Killed Saint Roka
 48351 | Crypt:1  | Reached XP level 22. HP: 143/204 MP: 34/38
 48496 | Crypt:1  | Noticed Sojobo
 48508 | Crypt:1  | Killed Sojobo
 48861 | Crypt:1  | Cast into level 4 of the Abyss (a lich)
 48864 | Abyss:5  | Entered Level 5 of the Abyss
 48882 | Crypt:1  | Escaped the Abyss
 49653 | Crypt:2  | Found an ancient bone altar of Kikubaaqudgha.
 49738 | Crypt:3  | Entered Level 3 of the Crypt
 50278 | Crypt:3  | Reached skill level 15 in Dodging
 50329 | Crypt:3  | Got a brightly glowing plate armour
 50330 | Crypt:3  | Identified the cursed +0 plate armour of the Raven {Dex+5} (You found it on level 3 of the Crypt)
 50441 | Crypt:3  | Found a staircase to the Tomb.
 50458 | Crypt:3  | Identified the Volume of Vitriolic Calling
 50459 | Crypt:3  | Noticed an ancient lich
 50464 | Crypt:3  | Paralysed by an ancient lich for 4 turns
 50475 | Crypt:3  | Paralysed by an ancient lich for 4 turns
 50483 | Crypt:3  | Killed an ancient lich
 50848 | Crypt:3  | Reached XP level 23. HP: 196/213 MP: 39/39
 51092 | Crypt:3  | Found an ancient bone altar of Kikubaaqudgha.
 51164 | Crypt:3  | Noticed an ancient lich
 51178 | Crypt:3  | Killed an ancient lich
 51815 | Elf:1    | Entered Level 1 of the Elven Halls
 51988 | Elf:1    | Found Lizeorpho's General Store.
 52003 | Elf:1    | Bought 2 scrolls of blinking for 180 gold pieces
 52003 | Elf:1    | Bought a potion of agility for 48 gold pieces
 52010 | Elf:1    | Found Doestruab's Book Shop.
 52106 | Elf:1    | Found Foas's Distillery.
 52112 | Elf:1    | Bought a potion of haste for 130 gold pieces
 52112 | Elf:1    | Bought a potion of curing for 39 gold pieces
 52112 | Elf:1    | Bought 2 potions of curing for 78 gold pieces
 52112 | Elf:1    | Bought a potion of resistance for 130 gold pieces
 52112 | Elf:1    | Bought a potion of curing for 39 gold pieces
 52112 | Elf:1    | Bought a potion of berserk rage for 65 gold pieces
 52406 | Elf:1    | Found Yrisemm's Antique Armour Emporium.
 52414 | Elf:1    | Bought a steaming scale mail for 180 gold pieces
 52414 | Elf:1    | Identified the cursed +1 scale mail "Alolops" {Str+4} (You bought it in a shop on level 1 of the Elven Halls)
 52909 | Elf:2    | Found Ceorafurr's Jewellery Shoppe.
 52913 | Elf:2    | Found Gasuaral's Gadget Boutique.
 52914 | Elf:2    | Found Musk's Jewellery Shoppe.
 52924 | Elf:2    | Bought a cursed ring of teleportation for 85 gold pieces
 52925 | Elf:2    | Bought the ring "Majeghek" {rN+ MR+ Int+2 Dex+4} for 912 gold pieces
 52930 | Elf:2    | Bought the ring "Hozetoih" {rCorr rF+ rN+ Dex+4} for 885 gold pieces
 53456 | Elf:2    | Found a runed gate.
 53457 | Elf:2    | Found a runed gate.
 53460 | Elf:2    | Found a runed gate.
 54107 | Elf:3    | Entered Level 3 of the Elven Halls
 54648 | Elf:3    | Reached XP level 24. HP: 224/224 MP: 40/40
 54812 | Elf:3    | Got a heavily runed silver ring
 54818 | Elf:3    | Identified the ring "Hedu" {*Corrode rElec AC+6 Dex+3 Stlth+} (You took it off a deep elf blademaster on level 3 of the Elven Halls)
 54906 | Elf:3    | Got a bloodstained scimitar
 54907 | Elf:3    | Identified the +5 scimitar of Cheibriados's Whim {freeze, Str+2 Dex+2 SInv} (You found it on level 3 of the Elven Halls)
 54912 | Elf:3    | Got a brightly glowing hand axe
 54913 | Elf:3    | Identified the +7 hand axe of Execution {antimagic, rC+++ MR- Int+4} (You found it on level 3 of the Elven Halls)
 55003 | Elf:3    | Got an ichor-stained leather armour
 55004 | Elf:3    | Identified the +1 leather armour "Loyrel" {rC- rN+++ Dex+8} (You found it on level 3 of the Elven Halls)
 55007 | Elf:3    | Identified the Volume of Execration
 55644 | Depths:1 | Entered Level 1 of the Depths
 55650 | Depths:1 | Found a magical portal.
 55662 | WizLab   | Entered Doroklohe's Tomb
 56903 | Depths:1 | Found a sacrificial altar of Ru.
 57019 | Depths:1 | Found a gateway to Hell.
 57314 | Depths:2 | Reached skill level 27 in Invocations
 57335 | Depths:2 | Found Qis Xeh's Gadget Shoppe.
 58124 | Depths:2 | Reached XP level 25. HP: 197/235 MP: 40/40
 58271 | Depths:2 | Noticed a juggernaut
 58281 | Depths:2 | Killed a juggernaut
 58286 | Depths:2 | Got a translucent war axe
 58287 | Depths:2 | Identified the +7 war axe of Royalism {flame, MR+} (You found it on level 2 of the Depths)
 59128 | Depths:3 | Noticed Margery
 59150 | Depths:3 | Killed Margery
 59830 | Depths:3 | Found a one-way gate leading to the halls of Pandemonium.
 59835 | Depths:3 | Got an iridescent executioner's axe {chop}
 59857 | Depths:3 | Identified the cursed +1 executioner's axe "Qymol" {chop, *Confuse MR+ Str+7} (You took it off a vampire on level 3 of the Depths)
 60195 | Depths:4 | Found a one-way gate to the infinite horrors of the Abyss.
 60298 | Depths:4 | Reached XP level 26. HP: 143/246 MP: 40/40
 60779 | Depths:4 | Noticed an ancient lich
 60788 | Depths:4 | Killed an ancient lich
 61606 | Depths:5 | Entered Level 5 of the Depths
 61946 | Slime:1  | Entered Level 1 of the Pits of Slime
 63889 | Slime:5  | Entered Level 5 of the Pits of Slime
 64159 | Slime:5  | Found a viscous altar of Jiyva.
 64165 | Slime:5  | Noticed the Royal Jelly
 64178 | Slime:5  | Killed the Royal Jelly
 64183 | Slime:5  | Reached XP level 27. HP: 167/256 MP: 40/40
 64256 | Slime:5  | Got a slimy rune of Zot
 64258 | Slime:5  | Got a flickering emerald amulet
 64259 | Slime:5  | Identified the amulet of Departure {Reflect *Contam rElec rN+ MR+ SH+2} (You found it on level 5 of the Pits of Slime)
 64358 | Slime:5  | Got a translucent amber ring
 64404 | Slime:4  | Identified the ring "Yguoj" {+Fly rElec rPois Int+2 Dex+2} (You found it on level 5 of the Pits of Slime)
 64758 | Vaults:5 | Entered Level 5 of the Vaults
 64859 | Vaults:5 | Noticed an ancient lich
 64878 | Vaults:5 | Killed an ancient lich
 64933 | Vaults:5 | Noticed an ancient lich
 64955 | Vaults:5 | Killed an ancient lich
 65447 | Vaults:5 | Got a slimy leather armour
 65448 | Vaults:5 | Identified the cursed +1 leather armour "Canogry" {Dex+2} (You found it on level 5 of the Vaults)
 65978 | Vaults:5 | Got a brightly glowing ring mail
 65979 | Vaults:5 | Identified the +0 ring mail "Zegian" {Str+6} (You found it on level 5 of the Vaults)
 66026 | Vaults:5 | Got a polished short sword
 66027 | Vaults:5 | Identified the cursed +1 short sword "Fiedit" {drain, +Fly rC+} (You found it on level 5 of the Vaults)
 66225 | Vaults:5 | Got a silver rune of Zot
 66558 | Depths:4 | Voluntarily entered the Abyss.
 66558 | Abyss:1  | Found a corrupted altar of Lugonu.
 66943 | Abyss:1  | Got a jasper-encrusted plate armour
 66944 | Abyss:1  | Identified the +9 plate armour of the New World {rC++ Dex+4} (You found it on level 1 of the Abyss)
 66974 | Abyss:1  | Got a transparent steel ring
 66975 | Abyss:1  | Identified the ring "Burghogiu" {AC+2 Dex+2} (You found it on level 1 of the Abyss)
 67186 | Abyss:2  | Found a bloodstained altar of Trog.
 67300 | Abyss:2  | Paralysed by accursed screaming for 1 turns
 67518 | Abyss:2  | Found a corrupted altar of Lugonu.
 67811 | Abyss:3  | Found a corrupted altar of Lugonu.
 68162 | Abyss:3  | Got an abyssal rune of Zot
 68322 | Abyss:4  | Found a stormy altar of Qazlal.
 68454 | Depths:4 | Escaped the Abyss
 68870 | Tomb:1   | Entered Level 1 of the Tomb of the Ancients
 68929 | Tomb:1   | Paralysed by a sphinx for 5 turns
 69167 | Tomb:1   | Noticed an ancient lich
 69169 | Tomb:1   | Noticed a greater mummy
 69170 | Tomb:1   | Noticed a greater mummy
 69176 | Tomb:1   | Killed an ancient lich
 69181 | Tomb:1   | Killed a greater mummy
 69183 | Tomb:1   | Killed a greater mummy
 69847 | Tomb:2   | Noticed an ancient lich
 69847 | Tomb:2   | Noticed a greater mummy
 69851 | Tomb:2   | Noticed a greater mummy
 69851 | Tomb:2   | Noticed a greater mummy
 70062 | Tomb:1   | Killed an ancient lich
 70352 | Tomb:2   | Killed a greater mummy
 70359 | Tomb:2   | Killed a greater mummy
 70368 | Tomb:2   | Killed a greater mummy
 71525 | Tomb:3   | Entered Level 3 of the Tomb of the Ancients
 71637 | Tomb:3   | Noticed a greater mummy
 71696 | Tomb:3   | Noticed an ancient lich
 71697 | Tomb:3   | Noticed a greater mummy
 71698 | Tomb:3   | Noticed a greater mummy
 71707 | Tomb:3   | Noticed a greater mummy
 71709 | Tomb:3   | Noticed a greater mummy
 72022 | Tomb:3   | Noticed a greater mummy
 72023 | Tomb:3   | Killed an ancient lich
 72024 | Tomb:3   | Noticed a greater mummy
 72028 | Tomb:2   | Killed a greater mummy
 72028 | Tomb:2   | Reached skill level 27 in Axes
 72028 | Tomb:2   | Killed a greater mummy
 72469 | Tomb:2   | Killed a greater mummy
 72745 | Tomb:3   | Noticed a greater mummy
 72752 | Tomb:2   | Killed a greater mummy
 72757 | Tomb:2   | Killed a greater mummy
 72770 | Tomb:2   | Killed a greater mummy
 73172 | Tomb:2   | Killed a greater mummy
 73184 | Tomb:3   | Killed a greater mummy
 73306 | Tomb:3   | Got a transparent plate armour
 73307 | Tomb:3   | Identified the +2 plate armour "Teatuomm" {rPois} (You found it on level 3 of the Tomb of the Ancients)
 73328 | Tomb:3   | Got a coiled marble ring
 73329 | Tomb:3   | Identified the ring "Coymomni" {Wiz Str+5} (You found it on level 3 of the Tomb of the Ancients)
 73342 | Tomb:3   | Got a slimy amethyst amulet
 73343 | Tomb:3   | Identified the amulet "Biesiumm" {Reflect rN+ Str+3 SH+4} (You found it on level 3 of the Tomb of the Ancients)
 73536 | Tomb:3   | Identified Azorchece's Almanac of Enthralling Protection
 73904 | Tomb:3   | Got a golden rune of Zot
 74085 | Tomb:1   | Noticed a greater mummy
 74096 | Tomb:1   | Killed a greater mummy
 74564 | Vaults:1 | Bought a crude buckler for 266 gold pieces
 74565 | Vaults:1 | Identified the cursed +0 buckler of Noeraup {*Contam rCorr Dex+4 Stlth-} (You bought it in a shop on level 1 of the Vaults)
 74789 | Depths:5 | Reached skill level 1 in Shields
 74941 | Depths:5 | Found a gateway to a ziggurat.
 74981 | Depths:5 | Noticed Frederick
 74992 | Depths:5 | Killed Frederick
 75134 | Depths:5 | Found a gate to the Realm of Zot.
 75439 | Depths:5 | Reached skill level 5 in Shields
 75778 | Zot:1    | Entered Level 1 of the Realm of Zot
 76685 | Zot:2    | Reached skill level 27 in Fighting
 77165 | Zot:3    | Noticed Tiamat
 77178 | Zot:3    | Reached skill level 10 in Shields
 77193 | Zot:3    | Killed Tiamat
 77884 | Zot:4    | Found a glowing golden altar of the Shining One.
 78036 | Zot:4    | Noticed an orb of fire
 78050 | Zot:4    | Killed an orb of fire
 78111 | Zot:4    | Got an amber-encrusted plate armour
 78112 | Zot:4    | Identified the +1 plate armour of the Bruised Wonders {MR+ Slay+2} (You acquired it on level 4 of the Realm of Zot)
 78446 | Zot:5    | Entered Level 5 of the Realm of Zot
 78671 | Zot:5    | Reached skill level 27 in Armour
 78756 | Zot:5    | Noticed an orb of fire
 78769 | Zot:5    | Killed an orb of fire
 78781 | Zot:5    | Noticed an orb of fire
 78783 | Zot:5    | Noticed an orb of fire
 78783 | Zot:5    | Noticed an orb of fire
 78794 | Zot:5    | Killed an orb of fire
 78794 | Zot:5    | Reached skill level 15 in Shields
 78804 | Zot:5    | Killed an orb of fire
 78822 | Zot:5    | Killed an orb of fire
 78871 | Zot:5    | Noticed an orb of fire
 78875 | Zot:5    | Noticed an orb of fire
 78891 | Zot:5    | Killed an orb of fire
 78900 | Zot:5    | Killed an orb of fire
 79059 | Zot:5    | Noticed an orb of fire
 79078 | Zot:5    | Killed an orb of fire
 79138 | Zot:5    | Noticed an orb of fire
 79167 | Zot:5    | Killed an orb of fire
 79206 | Zot:5    | Noticed an ancient lich
 79218 | Zot:5    | Killed an ancient lich
 79632 | Zig:1    | Entered Level 1 of a ziggurat
 79651 | Zig:2    | Entered Level 2 of a ziggurat
 79678 | Zig:3    | Entered Level 3 of a ziggurat
 79708 | Zig:4    | Entered Level 4 of a ziggurat
 79743 | Zig:5    | Entered Level 5 of a ziggurat
 79836 | Zig:6    | Entered Level 6 of a ziggurat
 79841 | Zig:6    | Noticed Huxtys the pandemonium lord
 79871 | Zig:6    | Killed Huxtys the pandemonium lord
 79882 | Zig:6    | Got a translucent great sword
 79883 | Zig:6    | Identified the +11 great sword of the Hills {venom, rN+ Str-5 Int+6} (You found it on level 6 of a ziggurat)
 79890 | Zig:6    | Identified the Volume of Unstable Dark Arts
 79893 | Zig:7    | Entered Level 7 of a ziggurat
 79944 | Zig:8    | Entered Level 8 of a ziggurat
 80007 | Zig:9    | Entered Level 9 of a ziggurat
 80016 | Zig:9    | Noticed an orb of fire
 80042 | Zig:9    | Killed an orb of fire
 80165 | Zig:10   | Entered Level 10 of a ziggurat
 80175 | Zig:10   | Noticed a juggernaut
 80175 | Zig:10   | Noticed a juggernaut
 80194 | Zig:10   | Killed a juggernaut
 80206 | Zig:10   | Killed a juggernaut
 80244 | Zig:10   | Got a vibrating tin amulet
 80245 | Zig:10   | Identified the amulet "Duqefol" {Regen+ Dex+4} (You found it on level 10 of a ziggurat)
 80251 | Zig:11   | Entered Level 11 of a ziggurat
 80317 | Zig:11   | Identified Sif Muna's Catalogue of the Entourage and Stones
 80337 | Zig:12   | Entered Level 12 of a ziggurat
 80413 | Zig:13   | Entered Level 13 of a ziggurat
 80425 | Zig:13   | Noticed a juggernaut
 80426 | Zig:13   | Noticed a juggernaut
 80427 | Zig:13   | Noticed a juggernaut
 80462 | Zig:13   | Killed a juggernaut
 80472 | Zig:13   | Killed a juggernaut
 80497 | Zig:13   | Killed a juggernaut
 80536 | Zig:13   | Got a brightly glowing large shield
 80537 | Zig:13   | Identified the +5 large shield "Ewikhlesu" {*Contam rElec rCorr SInv} (You found it on level 13 of a ziggurat)
 80684 | Zig:14   | Entered Level 14 of a ziggurat
 80847 | Zig:15   | Entered Level 15 of a ziggurat
 80862 | Zig:15   | Noticed a greater mummy
 80874 | Zig:15   | Killed a greater mummy
 80884 | Zig:15   | Noticed a greater mummy
 80891 | Zig:15   | Killed a greater mummy
 80984 | Zig:15   | Got a steaming shield
 80985 | Zig:15   | Identified the +5 shield "Oduzau" {Regen+} (You found it on level 15 of a ziggurat)
 81188 | Zig:16   | Entered Level 16 of a ziggurat
 81209 | Zig:16   | Noticed Fuedas the pandemonium lord
 81219 | Zig:16   | Noticed Kuelynk the pandemonium lord
 81226 | Zig:16   | Noticed Boemp the pandemonium lord
 81247 | Zig:16   | Killed Kuelynk the pandemonium lord
 81249 | Zig:16   | HP: 6/273 [something the pandemonium lord/great blast of fire (39)]
 81249 | Zig:16   | Killed Fuedas the pandemonium lord
 81249 | Zig:16   | Zin protects you from harm!
 81254 | Zig:16   | Killed Boemp the pandemonium lord
 81258 | Zig:16   | Noticed Cuenwoy the pandemonium lord
 81286 | Zig:16   | Killed Cuenwoy the pandemonium lord
 81344 | Zig:16   | Got a glittering wooden ring
 81345 | Zig:16   | Identified the ring of Balance {rElec MP+9 Str+6 Int+3} (You found it on level 16 of a ziggurat)
 81424 | Zig:17   | Entered Level 17 of a ziggurat
 81484 | Zig:17   | Reached skill level 27 in Dodging
 81521 | Zig:17   | Got a scorched double sword
 81522 | Zig:17   | Identified the +6 double sword "Surchi" {freeze, rN+ Str+2} (You found it on level 17 of a ziggurat)
 81526 | Zig:17   | Got a shimmering lapis lazuli ring
 81530 | Zig:17   | Identified the ring of Surprise {+Inv SInv} (You found it on level 17 of a ziggurat)
 81534 | Zig:17   | Got a slimy scimitar
 81535 | Zig:17   | Identified the cursed +1 scimitar of the Two Names {slice, Str+4 Stlth+} (You found it on level 17 of a ziggurat)
 81674 | Zig:18   | Entered Level 18 of a ziggurat
 81803 | Zig:18   | Got a sparkling ivory ring
 81804 | Zig:18   | Identified the ring "Ohuxa" {rF+++ rC++ MP+9 Str-2 SInv} (You found it on level 18 of a ziggurat)
 81815 | Zig:18   | Got a sparkling glass ring
 81816 | Zig:18   | Identified the ring of Ipomu {Wiz rF- rN+ Int+3 Dex+4} (You found it on level 18 of a ziggurat)
 81834 | Zig:18   | Identified the +5 executioner's axe of the Eleven Orbs {chop, Str+4 Int+7} (You found it on level 18 of a ziggurat)
 81836 | Zig:18   | Identified the cursed +0 plate armour of Naehuw {rElec} (You found it on level 18 of a ziggurat)
 82054 | Zig:19   | Entered Level 19 of a ziggurat
 82067 | Zig:19   | Noticed an ancient lich
 82070 | Zig:19   | Noticed an ancient lich
 82073 | Zig:19   | Noticed an ancient lich
 82073 | Zig:19   | Noticed an ancient lich
 82084 | Zig:19   | Killed an ancient lich
 82092 | Zig:19   | Killed an ancient lich
 82093 | Zig:19   | Killed an ancient lich
 82102 | Zig:19   | Killed an ancient lich
 82232 | Zig:20   | Entered Level 20 of a ziggurat
 82416 | Zig:20   | Got a faintly glowing golden ring
 82419 | Zig:20   | Identified the ring "Vealeapn" {MP+9 Dex+5 Stlth+} (You found it on level 20 of a ziggurat)
 82433 | Zig:20   | Got a serpentine silver ring
 82434 | Zig:20   | Identified the ring of Propriety {AC+5 SInv} (You found it on level 20 of a ziggurat)
 82694 | Zig:21   | Entered Level 21 of a ziggurat
 82861 | Zig:21   | Got a vibrating copper amulet
 82862 | Zig:21   | Identified the amulet "Ogyd" {Spirit +Inv rF+} (You found it on level 21 of a ziggurat)
 83017 | Zig:22   | Entered Level 22 of a ziggurat
 83117 | Zig:22   | Got a wavering tin ring
 83118 | Zig:22   | Identified the ring "Deirgh" {Str+2 Int+6} (You found it on level 22 of a ziggurat)
 83121 | Zig:22   | Got a coiled bone amulet
 83122 | Zig:22   | Identified the amulet "Lezuq" {Spirit rPois Str+3 Int+4 Stlth+} (You found it on level 22 of a ziggurat)
 83136 | Zig:22   | Got a scintillating amber ring
 83137 | Zig:22   | Identified the ring "Kethrera" {rElec rPois Dex+4} (You found it on level 22 of a ziggurat)
 83184 | Zig:23   | Entered Level 23 of a ziggurat
 83320 | Zig:23   | Identified the ring "Lamibel" {rPois rF+ Str+2} (You found it on level 23 of a ziggurat)
 83450 | Zig:24   | Entered Level 24 of a ziggurat
 83493 | Zig:24   | Noticed Umaxeosu the pandemonium lord
 83522 | Zig:24   | Reached skill level 5 in Throwing
 83564 | Zig:24   | Paralysed by Umaxeosu for 7 turns
 83568 | Zig:24   | HP: 8/273 [gelid warmonger/demon blade of draining (19)]
 83568 | Zig:24   | Slain by a cacodemon

Vault maps used:
D:1:      evilmike_arrival_run_for_it
D:3:      gup_sewer_entry_bubbles, kennysheep_generic_room_12, uniq_robin,
          uniq_terence
D:4:      serial_shops, shop, shop, nicolae_shop_statue_plus, first_bread
D:8:      basic_altar, hangedman_ranch, uniq_grum, uniq_gastronok, uniq_pikel
D:9:      serial_shops, shop, shop_statue, nicolae_shop_waterfront,
          nicolae_tso_besieged_by_evil
D:10:     david_orc_1_choice, minivault_1
D:11:     dpeg_lair_monsters, minivault_12, uniq_snorg
D:13:     serial_shops, shop
D:14:     david_vaults_2, basic_altar, serial_ice, serial_ice_l, serial_ice_a,
          serial_ice_g, serial_ice_c, serial_ice_m, serial_ice_f,
          interstate_on_off, nicolae_gozag_cash_rules_everything_around_me,
          uniq_roxanne, uniq_urug
D:15:     hangedman_depths_entry_civil_slaughter
Temple:   nicolae_temple_the_god_donut
Lair:2:   minmay_snake_entry_guardpost_small, beast_lair_carwin_4, uniq_sonja
Lair:3:   swamp_mist, portal_ice_cave_entry_pillars_1, basic_altar
Lair:4:   serial_bayou, serial_bayou_shore_b, serial_bayou_lagoon_b,
          serial_bayou_shore_a, serial_bayou_shore_b, uniq_rupert,
          uniq_josephine, uniq_kirke
Lair:5:   minmay_lair_oklob_items, slime_dummy, grunt_megastairs_2,
          infiniplex_staircase_pool
Lair:6:   minmay_lair_end_enchanted_forest, lemuel_fruit_tree,
          grunt_megastairs_4
Swamp:1:  evilmike_swamp_ruin_rubble_2, swamp_pool1, uniq_frances
Swamp:2:  evilmike_swamp_ruin_house_2, swamp_pool2, uniq_aizul
Swamp:3:  evilmike_swamp_ruin_rubble_1, swamp_pool1, uniq_louise, uniq_nikola
Swamp:4:  swamp_alternative
Snake:1:  serial_shops, shop_fountains, uniq_donald
Snake:3:  uniq_vashnia
Snake:4:  grunt_snake_rune_serpentine_throne, grunt_ministairs_1,
          lemuel_oklob_altar
Orc:2:    grunt_orc_cross, serial_shops, nicolae_shop_crystal
Elf:1:    elf_arrival_002, serial_shops, shop, nicolae_shop_stone, shop_statue,
          shop_statue, kennysheep_underground_church
Elf:2:    serial_sigils_hangedman_gnaw, evilmike_surprise_oklob,
          minmay_shop_grove
Elf:3:    minmay_elf_hall_spiked, hangedman_elf_simple_split, patterned_corridor
Vaults:1: v_misc_26, vaults_room_guarded_vault, v_alt_pattern_1,
          vaults_mumra_chevron, nicolae_vaults_yaktaur_gun_rack,
          dpeg_vaults_monster_box, v_alt_pattern_1,
          nicolae_vaults_little_squares_3, vaults_room_fancy_cross, v_pattern_1,
          nicolae_vaults_windows_and_doors_thing, grunt_vaults_focal,
          dpeg_vaults_monster_row, ontoclasm_vaults_ligature, vaults_room_grid,
          serial_shops, nicolae_shop_temple_entry_statues_fountains
Vaults:2: vaults_room_large_hall, vaults_room_door_ring,
          nicolae_vaults_network_quincunx, grunt_vaults_funnel,
          st_greater_box_4, nicolae_vaults_little_squares_6, vaults_dpeg_hooks,
          v_alt_pattern_4, hangedman_vaults_stitches, vaults_dpeg_ring,
          v_misc_15, uniq_mennas
Vaults:3: vaults_dpeg_encased_lava, hangedman_vaults_trim,
          hangedman_vaults_corner_blocks, v_pattern_3,
          ontoclasm_vaults_loading_screen, hangedman_vaults_trim,
          blue_anna_dwarven_crypt, v_misc_8, v_misc_14, nicolae_vaults_asterisk,
          serial_glass
Vaults:4: vaults_room_corners, v_misc_15, v_misc_3,
          hangedman_vaults_stretched_pinwheel, vaults_standard_mumra_lines,
          grunt_vaults_hallway_short, vaults_room_glass_cross,
          nicolae_vaults_shelves_hall, nicolae_vaults_diagonal_hallway_6
Crypt:1:  minmay_guarded_unrand_majin_bo, uniq_saint_roka, uniq_sojobo
Crypt:2:  lemuel_mausoleum_altar_kikubaaqudgha, roderic_lattice_octagonal_star
Crypt:3:  quadcrypt_mu
Depths:1: infiniplex_enter_wizlab_glasses, hellmouth_1, lemuel_statue_altar
Depths:2: giant_chief_lemuel, serial_shops, nicolae_shop_behind_doors,
          hangedman_decor_lopped, hangedman_coc_ice_floe, st_stairs_8,
          spider_trap, kb_rosetta, minmay_staircase_windowed_large
Depths:3: hangedman_six_sided_sadism, grunt_metal_band, pan_entry,
          serial_sigils_hangedman_writhe
Depths:4: hangedman_pleasuredromes, abyss_entry, hell_entry, pan_entry
Depths:5: grunt_zot_entry_gee_three, enter_ziggurat_d, hex_medium, hell_entry,
          spider_trap, uniq_frederick
Zot:1:    hangedman_zot_decor_scrapings
Zot:3:    basic_loot_grate_trap, hangedman_zot_wheel_spokes, uniq_tiamat
Zot:4:    kennysheep_blocky_room, basic_altar, hangedman_zot_diagonal_lockstep
Abyss:3:  evilmike_nicolae_abyss_rune_betentacled_crabyss
Abyss:4:  evilmike_nicolae_abyss_rune_containment_curve, abyss_exit_lava,
          evilmike_abyss_exit_1
Abyss:5:  evilmike_abyss_exit_4, evilmike_abyss_rune_ettins,
          evilmike_abyss_exit_11
Zig:6:    ziggurat_pillar_centre_c
Zig:8:    ziggurat_pillar_centre_dead_trees
Zig:15:   ziggurat_pillar_centre_smoke
Zig:20:   ziggurat_pillar_centre_more_plants
Sewer:    sewer_co_cracked_pipes
IceCv:    ice_cave_statue_garden_chambered
WizLab:   wizlab_doroklohe

Skill      XL: |  1  2  3  4  5  6  7  8  9 10 11 12 13 14 15 16 17 18 19 20 21 22 23 24 25 26 27 |
---------------+----------------------------------------------------------------------------------+-----
Fighting       | 3 4 5 6 7 8 9 10 12 13 14 15 16 17 18 19 20 21 22 27 | 27.0
Armour         | 1 2 3 4 5 6 7 8 9 10 11 12 13 14 15 16 17 18 19 20 21 27 | 27.0
Axes           | 5 6 7 8 9 11 12 13 15 16 17 18 19 20 21 22 23 24 27 | 27.0
Invocations    | 2 5 9 11 12 13 14 15 16 17 20 21 22 24 25 26 27 | 27.0
Dodging        | 3 4 6 8 9 10 11 12 13 14 15 16 17 27 | 27.0
Shields        | 26 | 26.9
Throwing       | 6 |  6.3

Action                   |  1- 3 |  4- 6 |  7- 9 | 10-12 | 13-15 | 16-18 | 19-21 | 22-24 | 25-27 || total
-------------------------+-------+-------+-------+-------+-------+-------+-------+-------+-------++-------
Melee: War axe           |    96 |   315 |   535 |   204 |       |       |       |       |       ||  1150
       Halberd           |       |       |       |   476 |    71 |       |       |       |       ||   547
       Hand axe          |       |       |       |    23 |       |       |       |       |       ||    23
       Battleaxe         |       |       |       |       |  1088 |  1155 |  1370 |   969 |       ||  4582
       Executioner's axe |       |       |       |       |       |       |       |   354 |  2641 ||  2995
       Broad axe         |       |       |       |       |       |       |       |       |  1464 ||  1464
Throw: Throwing net      |       |       |       |       |       |       |       |       |    19 ||    19
Invok: Recite            |       |       |     7 |    39 |    16 |    20 |    28 |    33 |    81 ||   224
       Vitalisation      |       |       |       |       |     1 |     4 |     5 |     7 |    65 ||    82
       Sanctuary         |       |       |       |       |       |       |       |     1 |     3 ||     4
Evoke: Wand              |       |       |     4 |    16 |     6 |     4 |    12 |     8 |    43 ||    93
  Use: Scroll            |       |       |    11 |     6 |    23 |     9 |     5 |    21 |   111 ||   186
       Potion            |       |       |       |     4 |     9 |     1 |     2 |     1 |    26 ||    43
 Stab: Confused          |       |       |       |     9 |     2 |    23 |    35 |    25 |   160 ||   254
       Paralysed         |       |       |       |     3 |    11 |     5 |    18 |    14 |    29 ||    80
       Distracted        |       |       |       |     1 |     1 |       |     1 |       |     2 ||     5
       Invisible         |       |       |       |     1 |       |       |     1 |     2 |     7 ||    11
       Held in net/web   |       |       |       |       |       |       |       |       |    29 ||    29
       Petrifying        |       |       |       |       |       |       |       |       |     1 ||     1
  Eat: Chunk             |     2 |     8 |     9 |    14 |    54 |    36 |    33 |       |       ||   156
       Beef jerky        |       |       |     2 |       |       |       |       |     4 |     7 ||    13
       Bread ration      |       |       |     1 |     1 |       |       |       |     4 |    13 ||    19
       Pizza             |       |       |       |     1 |       |       |       |     1 |    13 ||    15
       Fruit             |       |       |       |     4 |     3 |       |       |       |       ||     7
       Royal jelly       |       |       |       |       |       |       |     1 |     5 |     3 ||     9
       Meat ration       |       |       |       |       |       |       |       |     1 |       ||     1
Armor: Leather armour    |    40 |       |       |       |       |       |       |       |       ||    40
       Chain mail        |       |   166 |   296 |   150 |   466 |       |       |       |       ||  1078
       Plate armour      |       |       |       |   166 |   171 |   814 |   657 |   596 |   297 ||  2701
       Gold dragon armou |       |       |       |       |       |       |       |       |  1553 ||  1553
Dodge: Dodged            |    70 |   108 |   229 |   303 |   693 |   742 |   699 |   801 |  3469 ||  7114
Block: Other             |       |    90 |   142 |   162 |   175 |       |       |       |       ||   569
       Reflection        |       |     1 |       |     7 |     3 |       |       |       |       ||    11
       Shield            |       |       |       |       |       |       |       |       |   810 ||   810
       Large shield      |       |       |       |       |       |       |       |       |   552 ||   552
